 Dungeon Crawl Stone Soup version 0.30-a0-1066-g63dfefce0d (webtiles) character file.

Game seed: 17106492455492641822

259 IdlyInterested the Cutter (level 5, 0/38 HPs)
             Began as a Demonspawn Gladiator on Apr 12, 2023.
             Slain by a gnoll
             ... wielding a +0 halberd
             ... led by a gnoll bouda
              (2 damage)
             ... on level 4 of the Dungeon.
             The game lasted 00:14:25 (3702 turns).

IdlyInterested the Cutter (Demonspawn Gladiator)    Turns: 3702, Time: 00:14:25

Health: 0/38       AC: 11    Str: 20    XL:     5   Next: 94%
Magic:  5/5        EV:  9    Int: 10    God:
Gold:   230        SH:  0    Dex: 16    Spells: 4/4 levels left

rFire   . . .      SeeInvis .    z - +4 dagger (flame)
rCold   . . .      Faith    .    (no shield)
rNeg    . . .      Spirit   .    q - +0 chain mail
rPois   .          Reflect  .    A - +0 helmet
rElec   .          Rampage  .    c - +0 cloak
rCorr   .                        (no gloves)
Will    .....                    F - +0 pair of boots Stlth
                                 (no amulet)
HPRegen 0.26/turn                i - ring of flight
MPRegen 0.09/turn                s - +6 ring of strength

@: weakened, flying
A: demonic guardian 2, powered by pain 1, weakness stinger 1
a: no special abilities


You were on level 4 of the Dungeon.
You visited 1 branch of the dungeon, and saw 4 of its levels.

You collected 230 gold pieces.

Inventory:

Hand Weapons
 a - a +1 rapier
 g - a +0 rapier
 l - a +0 great sword
 t - a +2 dagger of pain
 z - a +4 dagger of flaming (weapon)
Missiles
 d - a throwing net
 f - 28 stones (quivered)
 k - 2 atropa-tipped darts
 v - 5 poisoned darts
Armour
 b - a +0 leather armour
 c - a +0 cloak (worn)
 h - a +0 ring mail
 q - a +0 chain mail (worn)
 A - a +0 helmet (worn)
 F - a +0 pair of boots (worn)
Jewellery
 i - a ring of flight (left hand)
 s - a +6 ring of strength (right hand)
Wands
 e - a wand of flame (44)
 y - a wand of iceblast (8)
 D - a wand of mindburst (13)
Scrolls
 m - a scroll of immolation {unknown}
Potions
 j - 3 potions of heal wounds
 n - a potion of brilliance {unknown}
 o - a potion of ambrosia {unknown}
 p - a potion of lignification
 u - 2 potions of curing
 w - a potion of attraction
 x - a potion of cancellation
 C - a potion of haste
 E - a potion of flight


   Skills:
 - Level 2.0 Fighting
 * Level 5.2 Short Blades
 - Level 1.7 Throwing
 - Level 2.6 Dodging
 - Level 3.0 Stealth
 + Level 0.3 Evocations


You had 4 spell levels left.
You didn't know any spells.
Your spell library contained the following spells:

 Spells                   Type           Power      Damage    Failure   Level
 Beastly Appendage        Tmut           0%         N/A       98%         1
 Wereblood                Tmut           0%         N/A       99%         2
 Inner Flame              Hex/Fire       0%         N/A       100%        3
 Spider Form              Tmut/Pois      0%         N/A       100%        3
 Flame Wave               Conj/Fire      0%         2d4       100%        4
 Sticky Flame             Conj/Fire      0%         2d3       100%        4


Dungeon Overview and Level Annotations

Branches:
Dungeon (4/15)
 Temple: D:4-7

Altars:


Innate Abilities, Weirdness & Mutations

A demonic guardian rushes to your aid.
You sometimes gain a little power by taking damage.
You have a small tail.


Message History

You throw a javelin.
The javelin pierces through the gnoll but does no damage.
The javelin completely misses the gnoll bouda.
The javelin barely misses the gnoll.
The javelin closely misses the gnoll.
You hit the gnoll. You burn the gnoll.
The gnoll is moderately wounded.
The gnoll hits you but does no damage.
You hit the gnoll. You burn the gnoll.
The gnoll is heavily wounded.
The gnoll hits you with a +0 club.
The gnoll hits you from afar with a +0 halberd.
The gnoll bouda hits you but does no damage.
You hit the gnoll. You burn the gnoll.
The gnoll is severely wounded.
You closely miss the gnoll. You tail-slap the gnoll.
The gnoll is almost dead.
The gnoll hits you with a +0 club.
* * * LOW HITPOINT WARNING * * *
The gnoll hits you from afar with a +0 halberd.
* * * LOW HITPOINT WARNING * * *
The gnoll bouda gazes fiercely through you!
You feel your attacks grow feeble. The gnoll bouda closely misses you.
The gnoll hits you but does no damage.
The gnoll bouda barks out a call to the hunt!
The gnolls pick up the pace!
You hit the gnoll. You burn the gnoll.
You kill the gnoll!
The gnoll hits you from afar with a +0 spear.
* * * LOW HITPOINT WARNING * * *
A demonic guardian appears!
The gnoll bouda gazes fiercely through you!
You feel as though you will be weak longer.
The gnoll hits you from afar with a +0 halberd.
* * * LOW HITPOINT WARNING * * *
As you read the scroll of fog, it crumbles to dust.
The scroll dissolves into smoke.
The gnoll hits you from afar with a +0 halberd.
You die...

..........#
............## +
#.....##....#
..##.....##....#
.........##....#
..............# #
#..4..##....##....
#..§§§##..........
#..§@gg...........
#...§§............
##+##g##.##.#####+
#g##.####
#g..g.g.g
#........
#$(......
####.#### .#


You could see a gnoll bouda, 4 gnolls and a friendly rust devil (summoned).

Vanquished Creatures
  Pargi (D:3)
  An adder (D:3)
  A gnoll (D:4)
  A dart slug (D:2)
  3 orcs (D:3)
  5 ball pythons
  An endoplasm (D:1)
  2 giant cockroaches
  14 goblins
  9 hobgoblins
  3 jackals (D:1)
  3 kobolds
  3 quokkas
  4 bats
  4 frilled lizards
  3 rats
58 creatures vanquished.

Vanquished Creatures (collateral kills)
  Ijyb (D:3)
  An iguana (D:2)
  Robin (D:3)
  An adder (D:2)
  A dart slug (D:3)
  3 goblins (D:3)
  A hobgoblin (D:1)
  A jackal (D:1)
  A quokka (D:3)
11 creatures vanquished.

Grand Total: 69 creatures vanquished

Notes
Turn   | Place    | Note
-------+----------+-------------------------------------------
     0 | D:1      | IdlyInterested the Demonspawn Gladiator began the quest for
                  | the Orb.
     0 | D:1      | Reached XP level 1. HP: 16/16 MP: 1/1
   203 | D:1      | Reached skill level 3 in Short Blades
   248 | D:1      | Gained mutation: A weak demonic guardian rushes to your
                  | aid. [demonic ancestry]
   248 | D:1      | Reached XP level 2. HP: 17/22 MP: 2/2
   306 | D:1      | Reached skill level 1 in Stealth
   709 | D:1      | Gained mutation: A demonic guardian rushes to your aid.
                  | [demonic ancestry]
   709 | D:1      | Reached XP level 3. HP: 20/27 MP: 3/3
  1754 | D:2      | Reached skill level 4 in Short Blades
  1802 | D:2      | Gained mutation: You have a small tail. [demonic ancestry]
  1802 | D:2      | Reached XP level 4. HP: 33/33 MP: 4/4
  2442 | D:3      | Noticed Ijyb
  2442 | D:3      | Noticed Robin
  2474 | D:3      | Killed Ijyb
  2491 | D:3      | Killed Robin
  2716 | D:3      | Noticed Pargi
  2726 | D:3      | Killed Pargi
  2727 | D:3      | Reached skill level 5 in Short Blades
  2727 | D:3      | Gained mutation: You sometimes gain a little power by
                  | taking damage. [demonic ancestry]
  2727 | D:3      | Reached XP level 5. HP: 35/38 MP: 5/5
  3702 | D:4      | Slain by a gnoll

Illustrated notes

Levels and vault maps discovered:
D:1:      lightli_arrival_noodles, layout_loops_ring,
          amcnicky_mini_rare_corridor_liquid, minmay_small_reverse_x
D:2:      layout_basic, minmay_pentomino_u2
D:3:      layout_loops_ring, wander_ebering_terrifying_dragon_lair, uniq_ijyb,
          uniq_robin, uniq_pargi
D:4:      layout_gridville

Skill      XL: |  1  2  3  4  5 |
---------------+----------------+-----
Short Blades   | 3 4 5 |  5.2
Stealth        | 1 2 3 |  3.0
Fighting       | |  2.0
Throwing       | |  1.7
Dodging        | |  2.6
Evocations     | |  0.3

Action                     |  1- 3 |  4- 6 || total
---------------------------+-------+-------++-------
  Melee: Rapier            |   134 |    57 ||   191
         Punch             |     1 |     3 ||     4
         Dagger            |       |    38 ||    38
         Tailslap          |       |     5 ||     5
  Throw: Throwing net      |       |     3 ||     3
         Javelin           |       |     2 ||     2
         Dart              |       |     1 ||     1
         Stone             |       |     1 ||     1
    Use: Potion            |     1 |     1 ||     2
         Scroll            |       |    13 ||    13
   Stab: Held in net/web   |       |     1 ||     1
 Armour: Leather armour    |     7 |       ||     7
         Ring mail         |    39 |    12 ||    51
         Chain mail        |    11 |    35 ||    46
  Dodge: Dodged            |    77 |    44 ||   121

Table legend: (Time is in decaauts)
 A = Elapsed time spent in this place.
 B = Non-inter-level travel time spent in this place.
 C = Inter-level travel time spent in this place.
 D = Time resting spent in this place.
 E = Time spent auto-exploring this place.
 F = Levels seen in this place.
 G = Mean time per level.
                   A        B        C        D        E       F      G
               +--------+--------+--------+--------+--------+-----+--------+
         Total |   3696 |   3212 |    484 |    315 |   2018 |   4 |  924.0 |
       Dungeon |   3696 |   3212 |    484 |    315 |   2018 |   4 |  924.0 |
               +--------+--------+--------+--------+--------+-----+--------+

Top non-repeatable levels by time:
     D:2: 1513 daAuts
     D:1: 1197 daAuts
     D:3: 948 daAuts
     D:4: 37 daAuts
